 Dungeon Crawl Stone Soup version 0.32-a0-893-gf85d74f360 (webtiles) character file.

Game seed: 7889452076392501122

30 porpoise the Shooter (level 3, -5/28 HPs)
             Began as a Human Hunter on Apr 4, 2024.
             Slain by a hobgoblin (6 damage)
             ... led by Robin
             ... on level 2 of the Dungeon.
             The game lasted 00:01:46 (561 turns).

porpoise the Shooter (Human Hunter)                  Turns: 561, Time: 00:01:47

Health: -5/28      AC:  3    Str: 11    XL:     3   Next: 18%
Magic:  3/3        EV: 11    Int:  9    God:
Gold:   103        SH:  0    Dex: 18    Spells: 2/2 levels left

rFire   . . .        a - +0 shortbow
rCold   . . .        (shield currently unavailable)
rNeg    . . .        c - +0 leather armour
rPois   .            (no helmet)
rElec   .            (no cloak)
rCorr   .            (no gloves)
SInv    .            (no boots)
Will    .....        (no amulet)
Stlth   ++           (no ring)
HPRegen 0.24/turn    (no ring)
MPRegen 0.08/turn

%: no passive effects
@: no status effects
A: explore regen
a: no special abilities


You were on level 2 of the Dungeon.
You visited 1 branch of the dungeon, and saw 2 of its levels.

You collected 103 gold pieces.

Inventory:

Hand Weapons
 a - a +0 shortbow (weapon)
 e - a +0 mace
Armour
 c - a +0 leather armour (worn)
Scrolls
 b - a scroll of butterflies
 f - a scroll of fog {unknown}
 g - 2 scrolls of poison {unknown}
 j - a scroll of amnesia {unknown}
 k - a scroll of fear {unknown}
Potions
 d - a potion of magic {unknown}
 h - a potion of ambrosia {unknown}
 i - a potion of might {unknown}


   Skills:
 + Level 2.4 Fighting
 * Level 4.5 Ranged Weapons
 - Level 2.0 Dodging
 + Level 1.7 Stealth


You had 2 spell levels left.
You didn't know any spells.
Your spell library contained the following spells:

 Spells                   Type           Power      Damage    Failure   Level
 Slow                     Hex            0%         N/A       47%         1
 Confusing Touch          Hex            0%         N/A       85%         3
 Vampiric Draining        Necr           0%         2d6       85%         3


Dungeon Overview and Level Annotations

Branches:
Dungeon (2/15)

Altars:
Nemelex Xobeh

Annotations:
D:2 Robin


Innate Abilities, Weirdness & Mutations

You regain HP and MP as you explore.


Message History

You shoot an arrow.
The arrow hits the goblin but does no damage.
The goblin no longer looks unusually strong.
The goblin hits you but does no damage.
You shoot an arrow. The arrow closely misses the goblin.
The arrow closely misses the hobgoblin.
The goblin closely misses you.
Robin roars a battlecry!
The goblin goes into a battle-frenzy!
You shoot an arrow. The arrow hits the goblin.
The goblin is moderately wounded.
The goblin barely misses you. Robin throws the goblin at you!
The goblin unwields a +0 sling.
The goblin wields a +0 club.
The goblin hits you with a +0 club.
You shoot an arrow. The arrow closely misses the goblin.
The arrow barely misses the hobgoblin.
The goblin no longer looks unusually strong.
The goblin hits you with a +0 dagger. The goblin hits you with a +0 club.
The goblin hits you with a +0 dagger.
You shoot an arrow. The arrow hits the goblin.
You kill the goblin!
The goblin hits you with a +0 club.
A goblin comes into view. It is wielding a +0 club.
Robin roars a battlecry!
The goblins go into a battle-frenzy!
You are too injured to fight recklessly!
You are too injured to fight recklessly!
You are too injured to fight recklessly!
Unknown command.
You shoot an arrow. The arrow hits the hobgoblin.
The hobgoblin is heavily wounded.
The hobgoblin no longer looks unusually strong.
The goblin hits you with a +0 club.
* * * LOW HITPOINT WARNING * * *
The hobgoblin barely misses you.
Robin roars a battlecry!
The hobgoblin goes into a battle-frenzy!
The goblin hits you with a +0 club.
* * * LOW HITPOINT WARNING * * *
You shoot an arrow. The arrow barely misses the goblin.
The hobgoblin hits you.
You die...

###...........)..
..#..............
#..#............. #
#..#.......#.... ..#
###..............
...
.......#.####.... ..
##.##...# ##...
#.####.##..#######..
#.g@gg.....#.......#
#####g..##.#.#######
#........#
#...##.### #...##...
#....##.....
...g.........
...##...###.. .
#...g .....


You could see Robin, a hobgoblin (strong) and 2 goblins.

Vanquished Creatures
  A ribbon worm (D:2)
  3 ball pythons
  An endoplasm (D:1)
  8 goblins
  3 hobgoblins
  2 kobolds (D:1)
  4 bats
  A frilled lizard (D:2)
  2 rats (D:1)
25 creatures vanquished.

Notes
Turn   | Place    | Note
-------+----------+-------------------------------------------
     0 | D:1      | porpoise the Human Hunter began the quest for the Orb.
     0 | D:1      | Reached XP level 1. HP: 16/16 MP: 1/1
   130 | D:1      | Reached XP level 2. HP: 22/22 MP: 2/2
   482 | D:2      | Found a sparkling altar of Nemelex Xobeh.
   489 | D:2      | Reached XP level 3. HP: 28/28 MP: 3/3
   543 | D:2      | Noticed Robin
   560 | D:2      | HP: 1/28 [goblin/+0 club[Robin] (6)]
   561 | D:2      | Slain by a hobgoblin

Illustrated notes

Levels and vault maps discovered:
D:1:      mrwooster_arrival_arrow, layout_rooms, minmay_misc_feat_ornament,
          minmay_3d_cube
D:2:      layout_rooms, basic_altar, ebering_ecumenical_altar_rust,
          uniq_sigmund, uniq_robin

Action                     || total
---------------------------++-------
   Fire: Shortbow          ||    77
 Armour: Leather armour    ||    27
  Dodge: Dodged            ||    18

Table legend: (Time is in decaauts)
 A = Elapsed time spent in this place.
 B = Non-inter-level travel time spent in this place.
 C = Inter-level travel time spent in this place.
 D = Time resting spent in this place.
 E = Time spent auto-exploring this place.
 F = Levels seen in this place.
 G = Mean time per level.
                   A        B        C        D        E       F      G
               +--------+--------+--------+--------+--------+-----+--------+
         Total |    577 |    568 |      9 |      0 |    419 |   2 |  288.5 |
       Dungeon |    577 |    568 |      9 |      0 |    419 |   2 |  288.5 |
               +--------+--------+--------+--------+--------+-----+--------+

Top non-repeatable levels by time:
     D:1: 475 daAuts
     D:2: 102 daAuts
